 Dungeon Crawl Stone Soup version 0.19.5 (webtiles) character file.

882 joaoluisp the Chopper (level 7, -3/62 HPs)
             Began as a Minotaur Fighter on May 15, 2017.
             Was a Follower of the Shining One.
             Slain by an orc warrior
             ... wielding a +0 trident
              (6 damage)
             ... on level 5 of the Dungeon.
             The game lasted 00:22:23 (4093 turns).

joaoluisp the Chopper (Minotaur Fighter)            Turns: 4093, Time: 00:22:23

Health: -3/62      AC: 13    Str: 28    XL:     7   Next: 76%
Magic:  6/6        EV:  6    Int:  5    God:    the Shining One [*.....]
Gold:   211        SH: 11    Dex: 15    Spells: 0 memorised, 6 levels left

rFire  . . .     SeeInvis .     a - +1 war axe
rCold  . . .     Gourm    .     z - +0 plate armour
rNeg   . . .     Faith    .     c - +0 shield
rPois  .         Spirit   .     (helmet restricted)
rElec  .         Reflect  .     (no cloak)
rCorr  .         Harm     .     (no gloves)
MR     +....                    O - +0 pair of boots
Stlth  ..........               K - amulet of regeneration
                                G - ring of protection from magic
                                h - +6 ring of dexterity

@: mighty, glowing
A: retaliatory headbutt, horns 2
a: Renounce Religion


You were on level 5 of the Dungeon.
You worshipped the Shining One.
The Shining One was aware of your devotion.
You were not hungry.

You visited 1 branch of the dungeon, and saw 5 of its levels.

You collected 211 gold pieces.

Inventory:

Hand Weapons
 a - a +1 war axe (weapon)
 n - a +0 short sword of venom
 x - a +0 trident
 y - a cursed -3 dagger
 C - a +0 mace
Missiles
 g - 13 bolts
 l - 25 sling bullets
 p - 112 stones (quivered)
 r - 10 poisoned needles
 u - 34 arrows
 B - 4 tomahawks
Armour
 b - a +0 scale mail
 c - a +0 shield (worn)
 v - a +0 chain mail
 z - a +0 plate armour (worn)
 D - a +0 ring mail of magic resistance
 O - a +0 pair of boots (worn)
 Q - a +0 chain mail
Jewellery
 h - a +6 ring of dexterity (left hand)
 G - a ring of protection from magic (right hand)
 H - an uncursed ring of see invisible
 K - an amulet of regeneration (around neck)
 M - an uncursed ring of resist corrosion {unknown}
Wands
 S - a wand of iceblast (6/15)
Scrolls
 f - a scroll of fog
 k - 2 scrolls of magic mapping
 m - 3 scrolls of identify
 o - 2 scrolls of teleportation
 t - 5 scrolls of remove curse
 F - a scroll of recharging
 I - a scroll of enchant weapon
 J - a scroll of noise
 U - a scroll of random uselessness {unknown}
Potions
 e - 2 potions of agility
 j - a potion of curing {unknown}
 s - a potion of invisibility {unknown}
 w - a potion of haste {unknown}
 P - a potion of lignification {unknown}
 R - a potion of degeneration {unknown}
Books
 E - a book of Frost

   Spells                             Type                      Level
   a - Freeze                         Ice                          1
   b - Throw Frost                    Conjuration/Ice              2
   c - Ozocubu's Armour               Charms/Ice                   3
   d - Throw Icicle                   Conjuration/Ice              4
   e - Summon Ice Beast               Ice/Summoning                4
Comestibles
 i - 2 fruits
 q - a slice of pizza
 A - a bread ration
 L - 2 beef jerkies
 T - a meat ration


   Skills:
 * Level 5.9 Fighting
 + Level 7.0 Axes
 + Level 5.3 Armour
 + Level 1.2 Dodging
 + Level 6.3 Shields


You had 6 spell levels left.
You didn't know any spells.

Dungeon Overview and Level Annotations

Branches:
Dungeon (5/15)
 Temple: D:4-7

Altars:
Ashenzari
Fedhas
Nemelex Xobeh
Qazlal
Yredelemnul
Zin
The Shining One


Innate Abilities, Weirdness & Mutations

You reflexively headbutt those who attack you in melee.
You have a pair of horns on your head.


Message History

The orc warrior hits you with a trident.
Items here: )) [[ †† Your shield prevents you from hitting the orc warrior.
You block the orc warrior's attack.
You hit the orc warrior.
The orc warrior is lightly wounded.
The orc warrior hits you but does no damage.
Your shield and plate armour prevent you from hitting the orc warrior.
Your headbutt misses the orc warrior.
The orc warrior is lightly wounded.
The orc warrior hits you with a trident!
* * * LOW HITPOINT WARNING * * *
You slash the orc warrior! You headbutt the orc warrior!
The orc warrior is severely wounded.
The orc warrior hits you with a trident!
* * * LOW HITPOINT WARNING * * *
Okay, then.
You feel very mighty all of a sudden.
The orc warrior hits you with a trident.
You die...

#.# #.##.###
#..#...#.#.#.. #.#
#.##.# #..##.##......
#.# #)##.#
#.........#...
#.####.##.#
#..#####....#..
#......##.# #..###
#.## #########.#
#....## # ##### #.#
###.....####.# ....#
#.######...#........#
###.#
#......@o#..)..####.#
#.# ###########.#.##
#.# #.#)# ###.# ###
#.#.# ....# ..# #.#.#
###.# #.# #.#.# #.#
#.# #.#.# ###.# #.#
#.#.# #...# #.# #.#.#


You could see an orc warrior.

Vanquished Creatures
  The ghost of PeterLawrence the Shield-Bearer, an amateur MiFi (D:3)
  A sky beast (D:5)
  An ogre (D:4)
  A phantom (D:4)
  A howler monkey (D:4)
  A quasit (D:5)
  3 orc wizards (D:5)
  A bullfrog skeleton (D:5)
  Ijyb (D:3)
  A centaur skeleton (D:4)
  A worker ant (D:4)
  A hound zombie (D:5)
  A hound skeleton (D:4)
  6 adders
  A howler monkey skeleton (D:4)
  A shadow imp (D:5)
  2 oozes
  5 worms
  3 leopard geckos
  7 orcs
  8 bats
  7 giant cockroaches
  8 goblins
  8 hobgoblins
  12 jackals
  6 kobolds
  4 quokkas
  3 ball pythons
  7 frilled lizards
  A leopard gecko skeleton (D:4)
  3 rats
107 creatures vanquished.

Vanquished Creatures (others)
  A frilled lizard (D:4)
1 creature vanquished.

Grand Total: 108 creatures vanquished

Notes
Turn   | Place    | Note
-------+----------+-------------------------------------------
     0 | D:1      | joaoluisp the Minotaur Fighter began the quest for the Orb.
     0 | D:1      | Reached XP level 1. HP: 19/19 MP: 0/0
    95 | D:1      | Reached XP level 2. HP: 25/27 MP: 1/1
   295 | D:1      | Found a sparkling altar of Nemelex Xobeh.
   500 | D:1      | Reached XP level 3. HP: 32/33 MP: 2/2
   995 | D:2      | Reached skill level 3 in Axes
  1276 | D:2      | Found a glowing golden altar of the Shining One.
  1289 | D:2      | Became a worshipper of the Shining One
  1347 | D:2      | Reached XP level 4. HP: 35/40 MP: 3/3
  1867 | D:3      | Noticed PeterLawrence's ghost (amateur MiFi)
  1883 | D:3      | Killed PeterLawrence's ghost
  1883 | D:3      | Reached skill level 4 in Axes
  1883 | D:3      | Reached skill level 5 in Armour
  1883 | D:3      | Reached skill level 1 in Dodging
  1883 | D:3      | Reached skill level 5 in Shields
  1883 | D:3      | Reached XP level 5. HP: 6/47 MP: 4/4
  2226 | D:3      | Found a basalt altar of Yredelemnul.
  2226 | D:3      | Found a glowing silver altar of Zin.
  2239 | D:3      | Noticed Ijyb
  2264 | D:3      | Killed Ijyb
  2264 | D:3      | Reached XP level 6. HP: 55/55 MP: 5/5
  2411 | D:3      | Found a blossoming altar of Fedhas.
  2806 | D:4      | Reached * piety under the Shining One
  2811 | D:4      | Reached skill level 5 in Axes
  2842 | D:4      | Reached skill level 5 in Fighting
  2924 | D:4      | Reached XP level 7. HP: 32/61 MP: 6/6
  2936 | D:4      | Found a shattered altar of Ashenzari.
  2952 | D:4      | Reached skill level 6 in Axes
  3184 | D:4      | Found a stormy altar of Qazlal.
  3353 | D:5      | Entered Level 5 of the Dungeon
  4087 | D:5      | Reached skill level 7 in Axes
  4092 | D:5      | HP: 3/62 [orc warrior/trident (16)]
  4093 | D:5      | Slain by an orc warrior

Skill      XL: |  1  2  3  4  5  6  7 |
---------------+----------------------+-----
Armour         | 4 5 |  5.3
Shields        | 4 5 6 |  6.3
Fighting       | 4 5 |  5.9
Axes           | 3 4 5 7 |  7.0
Dodging        | 1 |  1.2

Action                   |  1- 3 |  4- 6 |  7- 9 || total
-------------------------+-------+-------+-------++-------
Melee: War axe           |    77 |   137 |    58 ||   272
       Headbutt          |    13 |    29 |    10 ||    52
       Short sword       |     4 |       |       ||     4
  Use: Scroll            |     4 |     4 |     6 ||    14
       Potion            |       |       |     2 ||     2
  Eat: Bread ration      |       |     1 |       ||     1
       Meat ration       |       |     1 |       ||     1
       Fruit             |       |       |     1 ||     1
Armor: Scale mail        |    56 |       |       ||    56
       Chain mail        |     9 |    25 |       ||    34
       Plate armour      |       |    40 |    33 ||    73
Dodge: Dodged            |    46 |    29 |    16 ||    91
Block: Shield            |    77 |    83 |    45 ||   205
